 Dungeon Crawl Stone Soup version 0.28.0-53-g5a82cb258f (webtiles) character file.

Game seed: 12982282665235108605

256 melloss the Covert (level 5, -1/24 HPs)
             Began as a Spriggan Enchanter on June 8, 2022.
             Slain by Grinder (5 damage)
             ... on level 3 of the Dungeon.
             The game lasted 00:12:34 (3842 turns).

melloss the Covert (Spriggan Enchanter)             Turns: 3842, Time: 00:12:35

Health: -1/24      AC:  2    Str: 10    XL:     5   Next: 92%
Magic:  11/11      EV: 20    Int: 18    God:
Gold:   50         SH:  0    Dex: 22    Spells: 9/11 levels left

rFire   . . .      SeeInvis +   a - +1 dagger (venom)
rCold   . . .      Faith    .   (no shield)
rNeg    . . .      Spirit   .   e - +0 robe
rPois   .          Reflect  .   (helmet restricted)
rElec   .          Harm     .   (no cloak)
rCorr   .          Rampage  .   (gloves unavailable)
Will    .....                   (boots unavailable)
Stlth   ++++......              (no amulet)
HPRegen 0.08/turn               j - +6 ring of dexterity
MPRegen 0.12/turn               k - +6 ring of strength

@: very quick
A: very small, no large weapons, unfitting armour, see invisible, speed 3
a: no special abilities


You were on level 3 of the Dungeon.
You visited 1 branch of the dungeon, and saw 3 of its levels.
You also visited: Sewer.

You collected 50 gold pieces.

Inventory:

Hand Weapons
 a - a +1 dagger of venom (weapon)
 b - a +0 hunting sling
 f - a +1 dagger
 o - a +0 short sword
 s - a +4 mace
Missiles
 g - 106 stones (quivered)
 i - 45 sling bullets
 v - 4 poisoned darts
Armour
 e - a +0 robe (worn)
 m - a +0 buckler
Magical Staves
 h - a staff of earth
Jewellery
 j - a +6 ring of dexterity (left hand)
 k - a +6 ring of strength (right hand)
Wands
 t - a wand of acid (14)
Scrolls
 d - 2 scrolls of identify {unknown}
 n - a scroll of vulnerability {unknown}
 q - a scroll of immolation {unknown}
 u - a scroll of teleportation {unknown}
 w - a scroll of enchant weapon {unknown}
 x - a scroll of blinking {unknown}
 y - a scroll of enchant armour {unknown}
Potions
 c - a potion of invisibility
 l - 5 potions of haste
 p - a potion of heal wounds
 r - a potion of brilliance {unknown}


   Skills:
 - Level 1.1 Short Blades
 - Level 5.0 Dodging
 - Level 8.0 Stealth
 + Level 3.5 Spellcasting
 - Level 3.6 Hexes
 + Level 1.2 Ice Magic


You had 9 spell levels left.
You knew the following spells:

 Your Spells              Type           Power      Damage    Failure   Level
a - Ensorcelled Hibernat  Hex/Ice        22%        N/A       9%          2

Your spell library contained the following spells:

 Spells                   Type           Power      Damage    Failure   Level
 Confusing Touch          Hex            16%        N/A       11%         3
 Tukima's Dance           Hex            16%        N/A       11%         3
 Dazzling Flash           Conj/Hex       18%        N/A       22%         3


Dungeon Overview and Level Annotations

Branches:
Dungeon (3/15)              Sewer (visited)

Altars:

Annotations:
D:3 Grinder


Innate Abilities, Weirdness & Mutations

You are very small and have problems with some larger weapons.
You are too small for most types of armour.
You have supernaturally acute eyesight. (SInv)
You cover ground extremely quickly. (Speed+++)


Message History

Moving in this stuff is going to be slow.
Things that are here:
a +0 hand axe; an orc skeleton A kobold comes into view.
It is wielding a +0 dagger.
A kobold comes into view. It is wielding a +0 whip.
The kobold shouts! x2
The kobold misses you.
You barely miss the kobold. The kobold barely misses you.
You closely miss the kobold. The kobold misses you.
You hit the kobold but do no damage.
The kobold is poisoned.
You kill the kobold!
You hit the kobold.
The kobold is poisoned.
The kobold is severely wounded.
The kobold closely misses you.
You hit the kobold.
You kill the kobold!
Things that are here:
a +0 whip; a kobold corpse
Found a scroll labelled JYJECK VOWNISM.
Found a stone staircase leading down.
Grinder comes into view.
She is carrying a wand of flame (4).
Grinder hits you.
You writhe in agony.
You hit Grinder.
Grinder is lightly wounded.
Grinder barely misses you.
You hit Grinder.
Grinder is poisoned.
Grinder is lightly wounded.
Grinder gestures at you. You resist with some effort.
You completely miss Grinder.
Grinder is lightly wounded.
Grinder zaps a wand.
The puff of flame hits you!
You hit Grinder.
Grinder is lightly wounded.
Grinder closely misses you.
You barely miss Grinder.
Grinder is lightly wounded.
Grinder hits you!
* * * LOW HITPOINT WARNING * * *
You writhe in agony.
You die...

..####.#.#.).......#
>.#.#.#.#.#.#)###.##
##.#.#.#.#.#..# #.#
#.#.#.#.#.#.### #.#
#.#.#.#.#.#.# #.#
#.#.#.#.#.## #.#
#.#.#.#.#.# #.#
#.#.#.#.## #.#
#@#.#.#.# #.#
#.#5#?#.## #.# #.#
#.#.#.# #.# #.#
#.#.## #.# #.# #.#.#
#.# ########## ####
#.# #..†.....# #.#
#.######.# #.# #.#
#.###########.##


You could see Grinder (very poisoned).

Vanquished Creatures
  A kobold brigand (Sewer)
  7 adders
  4 river rats
  A dart slug (D:1)
  5 orcs (D:3)
  12 ball pythons
  4 endoplasms
  3 giant cockroaches
  5 goblins
  3 hobgoblins
  11 jackals
  3 bats
  6 frilled lizards
  7 kobolds
  9 rats
81 creatures vanquished.

Vanquished Creatures (others)
  14 plants (Sewer)
14 creatures vanquished.

Grand Total: 95 creatures vanquished

Notes
Turn   | Place    | Note
-------+----------+-------------------------------------------
     0 | D:1      | melloss the Spriggan Enchanter began the quest for the Orb.
     0 | D:1      | Reached XP level 1. HP: 9/9 MP: 5/5
   214 | D:1      | Reached XP level 2. HP: 11/13 MP: 6/6
   217 | D:1      | Learned a level 2 spell: Ensorcelled Hibernation
   286 | D:1      | Reached skill level 5 in Stealth
  1152 | D:1      | Reached XP level 3. HP: 16/16 MP: 5/8
  1911 | D:2      | Reached skill level 6 in Stealth
  2009 | D:2      | Found a faded altar of an unknown god.
  2524 | D:3      | Reached XP level 4. HP: 8/21 MP: 6/9
  2791 | D:3      | Found a glowing drain.
  2819 | Sewer    | Entered a sewer
  2833 | Sewer    | Reached skill level 5 in Dodging
  2892 | Sewer    | Reached skill level 7 in Stealth
  2914 | Sewer    | Noticed a kobold brigand
  2952 | Sewer    | Killed a kobold brigand
  2953 | Sewer    | Reached skill level 8 in Stealth
  2953 | Sewer    | Reached XP level 5. HP: 12/24 MP: 2/10
  3353 | Sewer    | Reached skill level 1 in Ice Magic
  3837 | D:3      | Noticed Grinder
  3842 | D:3      | Slain by Grinder

Illustrated notes

Levels and vault maps discovered:
D:1:      minmay_arrival_doors, layout_loops_cross
D:2:      layout_rooms, shapermc_ecumenical_altar_pompeii, minmay_misc_feat_chi,
          corexii_leaking_fountain, kennysheep_generic_room_14
D:3:      layout_basic, fedhas_altar_1, portal_sewer_entry_e,
          minmay_stone_trees_large, minivault_23, minmay_lizard_king,
          uniq_grinder, uniq_ijyb, uniq_sigmund

Skill      XL: |  1  2  3  4  5 |
---------------+----------------+-----
Dodging        | 3 4 5 |  5.0
Stealth        | 5 6 8 |  8.0
Spellcasting   | 3 |  3.5
Ice Magic      | 1 |  1.2
Short Blades   | |  1.1
Hexes          | |  3.6

Action                   |  1- 3 |  4- 6 || total
-------------------------+-------+-------++-------
Melee: Short sword       |    91 |       ||    91
       Dagger            |    27 |   112 ||   139
       Punch             |       |     3 ||     3
 Cast: Ensorcelled Hiber |    15 |    16 ||    31
  Use: Potion            |       |     2 ||     2
 Stab: Sleeping          |    17 |    12 ||    29
       Distracted        |       |     1 ||     1
Armor: Robe              |    15 |     4 ||    19
Dodge: Dodged            |   141 |    72 ||   213
Block: Buckler           |     4 |       ||     4
